 Dungeon Crawl Stone Soup version 0.30-a0-996-ga6910c8ee8 (webtiles) character file.

Game seed: 11186469174783626813

739 Dirian the Slasher (level 7, -9/60 HPs)
             Began as a Minotaur Monk on Apr 4, 2023.
             Was a Believer of the Shining One.
             Mangled by an orc warrior
             ... wielding a +0 battleaxe
              (23 damage)
             ... on level 6 of the Dungeon.
             The game lasted 00:14:47 (5101 turns).

Dirian the Slasher (Minotaur Monk)                  Turns: 5101, Time: 00:14:47

Health: -9/60      AC:  0    Str: 18    XL:     7   Next: 46%
Magic:  6/6        EV: 10    Int:  7    God:    the Shining One [**....]
Gold:   44         SH:  9    Dex: 12    Spells: 6/6 levels left

rFire   . . .      SeeInvis +    a - +0 falchion
rCold   . . .      Faith    .    j - +0 kite shield
rNeg    + . .      Spirit   .    g - +0 ring mail
rPois   .          Reflect  .    (helmet restricted)
rElec   .          Rampage  .    i - +0 cloak
rCorr   .                        (no gloves)
Will    .....                    (no boots)
Stlth   +                        (no amulet)
HPRegen 0.30/turn                B - ring of see invisible
MPRegen 0.10/turn                (no ring)

@: corroded, glowing
A: horns 2, retaliatory headbutt
a: Renounce Religion, Divine Shield


You were on level 6 of the Dungeon.
You worshipped the Shining One.
The Shining One was pleased with you.
You visited 2 branches of the dungeon, and saw 7 of its levels.

You collected 328 gold pieces.
You spent 284 gold pieces at shops.

Inventory:

Hand Weapons
 a - a +0 falchion (weapon)
 k - a +1 flail of protection
Missiles
 b - a boomerang (quivered)
 f - a throwing net
Armour
 g - a +0 ring mail (worn)
 i - a +0 cloak (worn)
 j - a +0 kite shield (worn)
 o - a +0 chain mail
Jewellery
 B - a ring of see invisible (left hand)
Wands
 y - a wand of mindburst (19)
Scrolls
 m - 4 scrolls of enchant armour
 p - a scroll of immolation
 t - 5 scrolls of teleportation
 x - a scroll of enchant weapon
 z - a scroll of blinking
 A - 3 scrolls of fear
 C - a scroll of magic mapping
Potions
 c - a potion of ambrosia
 d - a potion of mutation
 h - a potion of haste
 n - a potion of resistance
 q - 2 potions of curing
 s - a potion of attraction
 w - a potion of lignification


   Skills:
 + Level 4.8 Fighting
 + Level 6.3 Long Blades
 + Level 1.2 Throwing
 + Level 5.4 Armour
 - Level 3.2 Dodging
 - Level 1.5 Stealth
 + Level 4.4 Shields
 * Level 1.0 Invocations


You had 6 spell levels left.
You didn't know any spells.
Your spell library contained the following spells:

 Spells                   Type           Power      Damage    Failure   Level
 Ensorcelled Hibernation  Hex/Ice        0%         N/A       98%         2
 Portal Projectile        Hex/Tloc       0%         N/A       100%        3
 Spider Form              Tmut/Pois      0%         N/A       100%        3
 Tukima's Dance           Hex            0%         N/A       100%        3
 Anguish                  Hex/Necr       0%         N/A       100%        4
 Blade Hands              Tmut           0%         N/A       100%        5


Dungeon Overview and Level Annotations

Branches:
Dungeon (6/15) Zot: 26668  Temple (1/1) D:5 Zot: 5910

Altars:
Ashenzari
Cheibriados
Dithmenos
Elyvilon
Fedhas
Gozag
Hepliaklqana
Makhleb
Qazlal
Ru
Sif Muna
Trog
Uskayaw
Vehumet
Wu Jian
Xom
Zin
The Shining One

Shops:
D:2 =??   D:5 :[*:

Annotations:
D:2 1 runed translucent door, Crazy Yiuf


Innate Abilities, Weirdness & Mutations

You have a pair of horns on your head.
You reflexively headbutt those who attack you in melee.


Message History

You hit the gnoll.
You kill the gnoll!
No target in view!
Things that are here:
a +0 flail; a gnoll corpse
There is a stone staircase leading up here.
HP restored.
Found a leather armour.
A jelly comes into view.
The jelly quivers.
An orc warrior comes into view. It is wielding a +0 battleaxe.
The orc warrior shouts!
You hit the jelly.
Your hands burn!
You headbutt the jelly.
The jelly is heavily wounded.
An orc comes into view. It is wielding a +0 mace.
The jelly barely misses you.
The orc shouts!
You slash the jelly! The acid corrodes you!
Your hands burn!
The jelly is severely wounded.
The jelly hits you.
You are splashed with acid.
An orc comes into view. It is wielding a +0 dagger.
The orc shouts!
You hit the jelly. The acid corrodes you!
Your hands burn!
You headbutt the jelly, but do no damage.
The jelly is almost dead.
You block the jelly's attack.
You slash the jelly!
You kill the jelly!
The orc warrior hits you with a +0 battleaxe!
Your Invocations skill increases to level 1!
The orc warrior attacks as you move away!
You block the orc warrior's attack.
The orc warrior attacks as you move away!
You block the orc warrior's attack.
The orc warrior attacks as you move away!
The orc warrior hits you with a +0 battleaxe!
* * * LOW HITPOINT WARNING * * *
The orc warrior attacks as you move away!
The orc warrior hits you with a +0 battleaxe!!
You die...

........................
....##......###############
....##.....(##.......##...#######
..........................#......
..........................#...)..
.....................>....#.<....
............##.......##...##.....
.o..........##..)<...###'###.....
...........o....@.)...+.........[
....##..o...##.o......#..........
.[..##......##........#..........
..........o.o.........#..........
......................#..........
......................#..........
#################################


You could see an orc warrior and 2 orcs.

Vanquished Creatures
  A black bear (D:4)
  A lemure (D:5)
  A centaur (D:5)
  A phantom (D:5)
  A scorpion (D:3)
  3 jellies
  A gnoll bouda (D:5)
  A hound (D:6)
  Terence (D:3)
  2 orc wizards (D:4)
  6 gnolls
  7 adders
  A shadow imp (D:6)
  3 worms
  A dart slug (D:1)
  6 orcs
  2 bats
  5 endoplasms
  2 giant cockroaches
  10 goblins
  6 hobgoblins
  3 jackals (D:5)
  6 kobolds
  A quokka (D:2)
  2 ball pythons
  7 frilled lizards
  5 rats
86 creatures vanquished.

Vanquished Creatures (others)
  3 plants (D:3)
3 creatures vanquished.

Grand Total: 89 creatures vanquished

Notes
Turn   | Place    | Note
-------+----------+-------------------------------------------
     0 | D:1      | Dirian the Minotaur Monk began the quest for the Orb.
     0 | D:1      | Reached XP level 1. HP: 19/19 MP: 0/0
   388 | D:1      | Reached skill level 4 in Long Blades
   403 | D:1      | Reached XP level 2. HP: 27/27 MP: 1/1
   965 | D:2      | Found Appilya's Jewellery Boutique.
  1088 | D:2      | Reached XP level 3. HP: 32/33 MP: 2/2
  1250 | D:2      | Found Syd Veag's Magic Scroll Shop.
  1256 | D:2      | Bought a scroll of identify for 28 gold pieces
  1256 | D:2      | Bought a scroll of teleportation for 42 gold pieces
  1490 | D:2      | Found a faded altar of an unknown god.
  1516 | D:2      | Found Danusy's Magic Scroll Emporium.
  1774 | D:2      | Found a runed translucent door.
  1775 | D:2      | Noticed Crazy Yiuf
  2028 | D:3      | Found a blossoming altar of Fedhas.
  2051 | D:3      | Noticed a scorpion
  2082 | D:2      | Reached skill level 5 in Long Blades
  2082 | D:2      | Reached skill level 1 in Shields
  2127 | D:3      | Found a radiant altar of Vehumet.
  2139 | D:3      | Reached XP level 4. HP: 41/41 MP: 3/3
  2183 | D:3      | Reached skill level 1 in Armour
  2315 | D:3      | Noticed Terence
  2327 | D:3      | Killed Terence
  2651 | D:3      | Killed a scorpion
  2652 | D:3      | Reached XP level 5. HP: 38/47 MP: 4/4
  2885 | D:4      | Noticed a black bear
  2891 | D:4      | Killed a black bear
  2926 | D:4      | Reached XP level 6. HP: 35/53 MP: 5/5
  3156 | D:4      | Found a hide-covered altar of Uskayaw.
  3714 | D:5      | Entered Level 5 of the Dungeon
  3714 | D:5      | Found Utuesifo's Book Shoppe.
  3722 | D:5      | Reached skill level 1 in Throwing
  3751 | D:5      | Found Kokhluf's Assorted Antiques.
  3821 | D:5      | Found a staircase to the Ecumenical Temple.
  3855 | Temple   | Entered the Ecumenical Temple
  3924 | Temple   | Became a worshipper of the Shining One
  3924 | Temple   | Reached * piety under the Shining One
  3924 | Temple   | Reached ** piety under the Shining One
  4075 | D:5      | Found Luyt's Armour Shoppe.
  4089 | D:5      | Reached skill level 6 in Long Blades
  4089 | D:5      | Reached skill level 5 in Armour
  4089 | D:5      | Reached XP level 7. HP: 60/60 MP: 6/6
  4267 | D:5      | Found Feebb's Book Shoppe.
  4623 | D:2      | Bought a scroll of identify for 24 gold pieces
  4623 | D:2      | Bought a scroll of identify for 24 gold pieces
  4623 | D:2      | Bought a scroll of identify for 24 gold pieces
  4623 | D:2      | Bought a scroll of magic mapping for 90 gold pieces
  4623 | D:2      | Bought a scroll of identify for 24 gold pieces
  4681 | D:2      | Bought a scroll of identify for 28 gold pieces
  5095 | D:6      | Reached skill level 1 in Invocations
  5101 | D:6      | Mangled by an orc warrior

Illustrated notes

Levels and vault maps discovered:
D:1:      minmay_arrival_diagonal_passages, layout_basic, hangedman_glass_teeth,
          chequers_decorated_corner
D:2:      layout_loops_corners, serial_shops, nicolae_shop_window_shopping,
          shop, nicolae_shop_crystal, ebering_ecumenical_altar_mist,
          hangedman_decor_lopped, uniq_crazy_yiuf_cottage
D:3:      layout_basic, fedhas_ov_isle_minmay,
          mainiacjoe_overflow_concentric_impassable, uniq_terence
D:4:      layout_basic, lemuel_doored_altar, kennysheep_small_circle
D:5:      layout_basic, minmay_temple_entry_arrows, serial_shops, shop, shop,
          shop, nicolae_stop_n_shop_2, chequers_arboretum
D:6:      layout_gridville, serial_glass, glass_columns_b, glass_columns_a,
          hangedman_decor_slide_cut, uniq_pikel
Temple:   eino_wide_crystal_templ

Skill      XL: |  1  2  3  4  5  6  7 |
---------------+----------------------+-----
Long Blades    | 4 5 6 |  6.3
Fighting       | 4 |  4.8
Shields        | 1 2 3 4 |  4.4
Armour         | 2 3 5 |  5.4
Throwing       | 1 |  1.2
Invocations    | 1 |  1.0
Dodging        | |  3.2
Stealth        | |  1.5

Action                     |  1- 3 |  4- 6 |  7- 9 || total
---------------------------+-------+-------+-------++-------
  Melee: Falchion          |    85 |   132 |    43 ||   260
         Headbutt          |    13 |    27 |    15 ||    55
  Throw: Boomerang         |       |    11 |       ||    11
    Use: Scroll            |     5 |       |     7 ||    12
         Potion            |       |     1 |     3 ||     4
   Stab: Sleeping          |     7 |       |       ||     7
 Armour: Robe              |     6 |       |       ||     6
         Leather armour    |    12 |     3 |       ||    15
         Ring mail         |       |    26 |    11 ||    37
  Dodge: Dodged            |    33 |    57 |    13 ||   103
  Block: Kite shield       |    15 |    60 |    22 ||    97

Table legend: (Time is in decaauts)
 A = Elapsed time spent in this place.
 B = Non-inter-level travel time spent in this place.
 C = Inter-level travel time spent in this place.
 D = Time resting spent in this place.
 E = Time spent auto-exploring this place.
 F = Levels seen in this place.
 G = Mean time per level.
                   A        B        C        D        E       F      G
               +--------+--------+--------+--------+--------+-----+--------+
         Total |   5160 |   4686 |    474 |    154 |   3428 |   7 |  737.1 |
       Dungeon |   5071 |   4616 |    455 |    154 |   3388 |   6 |  845.2 |
        Temple |     89 |     70 |     19 |      0 |     40 |   1 |   89.0 |
               +--------+--------+--------+--------+--------+-----+--------+

Top non-repeatable levels by time:
     D:2: 1245 daAuts
     D:4: 1071 daAuts
     D:5: 947 daAuts
     D:1: 938 daAuts
     D:3: 725 daAuts
     D:6: 142 daAuts
  Temple: 89 daAuts
